 Dungeon Crawl Stone Soup version 0.21.1-1-g345015f (webtiles) character file.

137 letownia2 the Chiller (level 5, 0/35 HPs)
             Began as a Merfolk Ice Elementalist on Feb 13, 2018.
             Slain by a centaur skeleton (4 damage)
             ... on level 4 of the Dungeon.
             The game lasted 00:05:57 (825 turns).

letownia2 the Chiller (Merfolk Ice Elementalist)     Turns: 825, Time: 00:05:58

Health: 0/35       AC:  8    Str:  9    XL:     5   Next: 20%
Magic:  3/8        EV: 12    Int: 15    God:
Gold:   56         SH:  0    Dex: 14    Spells: 2/8 levels left

rFire    . . .     SeeInvis .   d - +0 dagger (drain)
rCold    . . .     Gourm    .   (no shield)
rNeg     . . .     Faith    .   i - +0 leather armour (curse)
rPois    .         Spirit   .   (no helmet)
rElec    .         Reflect  .   (no cloak)
rCorr    .         Harm     +   (no gloves)
MR       .....                  (no boots)
Stlth    ++........             m - amulet of harm
HPRegen  0.11/turn              f - ring of flight
MPRegen  0.11/turn              (no ring)

@: icy armour, very slightly contaminated, slow
A: change form in water, swift swim, stealthy swim
a: Evoke Flight


You were on level 4 of the Dungeon.
You were hungry.

You visited 1 branch of the dungeon, and saw 4 of its levels.

You collected 56 gold pieces.

Inventory:

Hand Weapons
 d - a +0 dagger of draining (weapon)
 j - a +0 spear
Armour
 a - a +0 robe
 g - a +0 ring mail
 i - a cursed +0 leather armour (worn)
Jewellery
 f - a ring of flight (left hand)
 m - an amulet of harm (around neck)
Scrolls
 h - 2 scrolls of identify {unknown}
 o - a scroll of enchant armour {unknown}
Potions
 k - a potion of curing {unknown}
 n - a potion of mutation {unknown}
Books
 b - a book of Frost

   Spells                             Type                      Level
   a - Freeze                         Ice                          1
   b - Throw Frost                    Conjuration/Ice              2
   c - Ozocubu's Armour               Charms/Ice                   3
   d - Throw Icicle                   Conjuration/Ice              4
   e - Summon Ice Beast               Ice/Summoning                4
 e - a book of Misfortune

   Spells                             Type                      Level
   a - Confusing Touch                Hexes                        1
   b - Confuse                        Hexes                        3
   c - Gell's Gravitas                Translocation                3
   d - Petrify                        Transmutation/Earth          4
   e - Metabolic Englaciation         Hexes/Ice                    5
   f - Yara's Violent Unravelling     Hexes/Transmutation          5
Comestibles
 c - a ration
 l - 4 chunks of flesh


   Skills:
 + Level 0.0 Fighting
 - Level 2.6 Dodging
 - Level 2.1 Stealth
 + Level 2.0 Spellcasting
 + Level 0.7 Conjurations
 + Level 0.0 Charms
 - Level 6.2 Ice Magic


You had 2 spell levels left.
You knew the following spells:

 Your Spells              Type           Power        Failure   Level  Hunger
a - Freeze                Ice            ###.         2%          1    #......
f - Throw Frost           Conj/Ice       ##....       11%         2    ###....
o - Ozocubu's Armour      Chrm/Ice       ##......     26%         3    ###....


Dungeon Overview and Level Annotations

Branches:
Dungeon (4/15)
 Temple: D:4-7

Altars:
Hepliaklqana
Kikubaaqudgha
Trog
Wu Jian


Message History

The centaur skeleton hits you!
You hit the centaur skeleton.
The centaur skeleton is moderately damaged.
The centaur skeleton closely misses you.
The centaur skeleton hits you but does no damage.
You hit the centaur skeleton.
The centaur skeleton is heavily damaged.
The centaur skeleton misses you.
You hit the centaur skeleton.
The centaur skeleton is heavily damaged.
The centaur skeleton hits you.
* * * LOW HITPOINT WARNING * * *
You hit the centaur skeleton.
The centaur skeleton is severely damaged.
The centaur skeleton misses you. The centaur skeleton hits you.
* * * LOW HITPOINT WARNING * * *
You hit the centaur skeleton.
The centaur skeleton is severely damaged.
The centaur skeleton hits you.
You die...

. ##......# # ........#
####.# ##......# ......
........#
#######......#
#............########
###'#########.........#
................†..>..#
.......#####....@.....#
.......# #.....Z......#
.......# #.#..........#
.......# #.#.#######.##
.......# #.#'#....# .#
..#.#.## #...<....# .#
..#.#.# #...#######.#
..#.#.# #...#≈≈≈≈≈###
....# #..)#≈♣.♣≈#


You could see a centaur skeleton.

Vanquished Creatures
  An ogre (D:4)
  A worker ant (D:4)
  A dart slug (D:2)
  2 leopard geckos (D:4)
  4 orcs
  A ball python (D:4)
  A giant cockroach (D:3)
  A goblin (D:2)
  2 hobgoblins
  3 jackals (D:2)
  A frilled lizard (D:1)
  A kobold (D:1)
  A quokka skeleton (D:4)
20 creatures vanquished.

Notes
Turn   | Place    | Note
-------+----------+-------------------------------------------
     0 | D:1      | letownia2 the Merfolk Ice Elementalist began the quest for the Orb.
     0 | D:1      | Reached XP level 1. HP: 13/13 MP: 3/3
   108 | D:2      | Reached XP level 2. HP: 13/19 MP: 3/5
   113 | D:2      | Reached skill level 4 in Ice Magic
   118 | D:2      | Learned a level 2 spell: Throw Frost
   225 | D:4      | Noticed a scorpion
   244 | D:4      | Found a hazy altar of Hepliaklqana.
   422 | D:4      | Reached XP level 3. HP: 17/24 MP: 1/6
   608 | D:4      | Noticed an ogre
   613 | D:4      | Learned a level 3 spell: Ozocubu's Armour
   630 | D:4      | Killed an ogre
   630 | D:4      | Reached skill level 6 in Ice Magic
   630 | D:4      | Reached XP level 4. HP: 11/30 MP: 0/7
   678 | D:4      | Found an ornate altar of the Wu Jian Council.
   690 | D:4      | Reached XP level 5. HP: 20/35 MP: 1/8
   748 | D:4      | Found an ancient bone altar of Kikubaaqudgha.
   748 | D:4      | Found a bloodstained altar of Trog.
   825 | D:4      | Slain by a centaur skeleton

Skill      XL: |  1  2  3 |
---------------+----------+-----
Ice Magic      | 4 6 |  6.2
Dodging        | |  2.6
Stealth        | |  2.1
Spellcasting   | |  2.0
Conjurations   | |  0.7

Action                   |  1- 3 |  4- 6 || total
-------------------------+-------+-------++-------
Melee: Dagger            |    19 |    22 ||    41
       Unarmed           |     6 |       ||     6
 Cast: Freeze            |    29 |     5 ||    34
       Throw Frost       |     1 |     1 ||     2
       Ozocubu's Armour  |     1 |     1 ||     2
Armor: Robe              |     2 |       ||     2
       Leather armour    |     1 |     7 ||     8
Dodge: Dodged            |    28 |    20 ||    48
